 Dungeon Crawl Stone Soup version bcrawl-1.12-11-gb93c957c58 (webtiles) character file.

Game seed: 617423795866666951

32 Hercules1031 the Poker (level 3, 0/31 HPs)
             Began as a Gnoll Wanderer on June 19, 2019.
             Slain by a kobold
             ... wielding a +0 club
              (6 damage)
             ... on level 2 of the Dungeon on June 30, 2019.
             The game lasted 00:03:37 (1108 turns).

Hercules1031 the Poker (Gnoll Wanderer)             Turns: 1108, Time: 00:03:38

Health: 0/31       AC:  2    Str: 17    XL:     3   Next: 27%
Magic:  3/3        EV: 11    Int: 11    God:
Gold:   43         SH:  0    Dex: 15    Spells: 3/3 levels left

rFire    . . .     SeeInvis .   a - +2 spear
rCold    . . .     Gourm    .   (no shield)
rNeg     . . .     Faith    .   d - +0 robe
rPois    .         Spirit   .   (no helmet)
rElec    .         Reflect  .   (no cloak)
rCorr    .         Harm     .   (no gloves)
MR       .....                  (no boots)
Stlth    +++.......             (no amulet)
HPRegen  0.10/turn              (no ring)
MPRegen  0.08/turn              (no ring)

@: no status effects
A: distributed training, fangs 1, strong nose
a: no special abilities


You were on level 2 of the Dungeon.
You were not hungry.

You visited 1 branch of the dungeon, and saw 2 of its levels.

You collected 43 gold pieces.

Inventory:

Hand Weapons
 a - a +2 spear (weapon)
 e - a +0 dagger
Armour
 d - a +0 robe (worn)
Scrolls
 b - a scroll of teleportation
 i - a scroll of enchant armour {unknown}
 j - a scroll of magic mapping {unknown}
 k - a scroll of blinking {unknown}
Potions
 c - a potion of lignification
 g - a potion of invisibility {unknown}
 h - a potion of degeneration {unknown}
Comestibles
 f - 2 rations {!d}


   Skills:
 + Level 4.5 Fighting
 + Level 0.6 Short Blades
 + Level 0.6 Long Blades
 + Level 0.6 Axes
 + Level 0.6 Maces & Flails
 + Level 6.5 Polearms
 + Level 0.6 Staves
 + Level 0.6 Slings
 + Level 2.5 Bows
 + Level 0.6 Crossbows
 + Level 2.5 Throwing
 + Level 2.5 Armour
 + Level 0.6 Dodging
 + Level 4.5 Stealth
 + Level 0.6 Shields
 + Level 0.6 Unarmed Combat
 + Level 0.6 Spellcasting
 + Level 0.4 Conjurations
 + Level 0.4 Hexes
 + Level 0.4 Charms
 + Level 0.4 Summonings
 + Level 0.4 Necromancy
 + Level 0.4 Translocations
 + Level 0.4 Transmutations
 + Level 0.4 Fire Magic
 + Level 0.4 Ice Magic
 + Level 0.4 Air Magic
 + Level 0.4 Earth Magic
 + Level 0.4 Poison Magic
 + Level 0.8 Invocations
 + Level 0.6 Evocations


You had 3 spell levels left.
You didn't know any spells.
Your spell library was empty.

Dungeon Overview and Level Annotations

Branches:
Dungeon (2/12)

Altars:

Annotations:
D:2 Jessica


Innate Abilities, Weirdness & Mutations

Your experience applies equally to all skills.
You have very sharp teeth.
Your uncanny sense of smell can sniff out nearby items.


Message History

You closely miss Jessica. Your bite misses Jessica.
Jessica is lightly wounded.
Jessica casts a spell.
Jessica blinks!
The kobold closely misses you. The dart slug launches a dart at you.
The slug dart hits you! The kobold barely misses you.
The dart slug launches a dart at you. The slug dart hits you!
* * * LOW HITPOINT WARNING * * *
You see here a bat corpse.
Jessica gestures wildly while chanting.
Jessica blinks!
Jessica casts a spell.
Jessica blinks!
Jessica casts a spell at you. You resist with some effort.
There is a stone staircase leading up, spattered with blood here.
Jessica mumbles some strange words.
Jessica blinks!
The kobold hits you with a +0 club.
You die...

#...............#
#!.........§..l..
#................
#.......†.w......
#......†........§
.....§.w.........
######..†).......
#.K)........
##@.<.....[.
##.........
$.........
...........
#...........
#..........(
#...........
.......


You could see a worm, a dart slug, a kobold and a frilled lizard (wandering).

Vanquished Creatures
  2 worms
  2 dart slugs (D:1)
  A leopard gecko (D:2)
  3 goblins
  4 hobgoblins (D:1)
  3 jackals
  A quokka (D:1)
  A ball python (D:2)
  A bat (D:2)
  A kobold (D:2)
  2 rats (D:1)
21 creatures vanquished.

Notes
Turn   | Place    | Note
-------+----------+-------------------------------------------
     0 | D:1      | Hercules1031 the Gnoll Wanderer began the quest for the
                  | Orb.
     0 | D:1      | Hercules1031 set off with the following items: a +2 spear,
                  | a scroll of teleportation, a potion of lignification, a +0
                  | robe, a +0 dagger, a ration {!d}
     0 | D:1      | Reached XP level 1. HP: 20/20 MP: 1/1
     0 | D:1      | Upgraded the game from bcrawl-1.12-10-g10a67aac0f to
                  | bcrawl-1.12-11-gb93c957c58
   286 | D:1      | Reached XP level 2. HP: 21/26 MP: 2/2
   895 | D:2      | Noticed Jessica
   913 | D:1      | Reached XP level 3. HP: 16/31 MP: 3/3
  1108 | D:2      | Slain by a kobold

Action                   || total
-------------------------++-------
Melee: Spear             ||    78
       Bite              ||     2
       Punch             ||     1
 Stab: Sleeping          ||     6
  Eat: Ration            ||     1
Armor: Robe              ||     8
Dodge: Dodged            ||    28
